 Dungeon Crawl Stone Soup version 0.27.1-33-g824d729ab1 (console) character file.

Game seed: 16320445842728007031

191 CuBeRJAN3 the Magician (level 5, -2/28 HPs)
             Began as a Deep Elf Fire Elementalist on Dec 11, 2021.
             Slain by a gnoll (11 damage)
             ... on level 3 of the Dungeon.
             The game lasted 00:11:15 (3050 turns).

CuBeRJAN3 the Magician (Deep Elf Fire Elementalist) Turns: 3050, Time: 00:11:15

Health: -2/28      AC:  3    Str:  5    XL:     5   Next: 41%
Magic:  10/14      EV: 13    Int: 21    God:
Gold:   54         SH:  0    Dex: 15    Spells: 3/14 levels left

rFire    . . .     SeeInvis .   j - +3 dagger
rCold    . . .     Faith    +   (no shield)
rNeg     . . .     Spirit   .   a - +0 robe
rPois    .         Reflect  .   (no helmet)
rElec    .         Harm     .   (no cloak)
rCorr    .         Rampage  .   (no gloves)
Will     .....                  b - +0 pair of boots
Stlth    ++........             d - amulet of faith
HPRegen  0.09/turn              (no ring)
MPRegen  0.14/turn              (no ring)

@: very slightly contaminated
A: no striking features
a: no special abilities


You were on level 3 of the Dungeon.
You visited 1 branch of the dungeon, and saw 3 of its levels.

You collected 54 gold pieces.

Inventory:

Hand Weapons
 j - a +3 dagger (weapon)
Armour
 a - a +0 robe (worn)
 b - a +0 pair of boots (worn)
Jewellery
 d - an amulet of faith (around neck)
 i - an amulet of guardian spirit
Wands
 g - a wand of polymorph (12)
Scrolls
 f - a scroll of noise {unknown}
 l - a scroll of fog {unknown}
 m - 2 scrolls of identify {unknown}
Potions
 c - 3 potions of degeneration {unknown}
 e - a potion of haste {unknown}
 h - 2 potions of brilliance {unknown}
 k - a potion of curing {unknown}


   Skills:
 + Level 3.4 Dodging
 + Level 3.6 Stealth
 * Level 5.0 Spellcasting
 + Level 2.4 Conjurations
 + Level 4.2 Fire Magic


You had 3 spell levels left.
You knew the following spells:

 Your Spells              Type           Power      Damage    Failure   Level
a - Foxfire               Conj/Fire      76%        2x1d7     2%          1
b - Conjure Flame         Conj/Fire      19%        6-21      9%          3
c - Inner Flame           Hex/Fire       14%        N/A       14%         3
d - Sticky Flame          Conj/Fire      19%        2d4       26%         4

Your spell library contained the following spells:

 Spells                   Type           Power      Damage    Failure   Level
 Magic Dart               Conj           60%        1d6       4%          1
 Call Imp                 Summ           5%         N/A       16%         2
 Mephitic Cloud           Conj/Pois/Air  8%         N/A       24%         3
 Fireball                 Conj/Fire      9%         3d6       58%         5


Dungeon Overview and Level Annotations

Branches:
Dungeon (3/15)

Altars:
Okawaru

Annotations:
D:3 Sigmund


Message History

You hear a shout!
A gnoll comes into view.
It is wielding a +1 flail of protection.
Casting: Foxfire (safe; 2% risk of failure)
Press: ? - help, Q - select action, (/) - cycle Dir - look around, f - activate You conjure some foxfire!
The foxfire hits the jackal.
The jackal is severely wounded.
The foxfire hits the jackal.
You kill the jackal!
Casting: Foxfire (safe; 2% risk of failure)
Press: ? - help, Q - select action, (/) - cycle Dir - look around, f - activate You miscast Foxfire.
You are very lightly contaminated with residual magic.
Nothing appears to happen.
Casting: Foxfire (safe; 2% risk of failure)
Press: ? - help, Q - select action, (/) - cycle Dir - look around, f - activate You conjure some foxfire!
Casting: Foxfire (safe; 2% risk of failure)
Press: ? - help, Q - select action, (/) - cycle Dir - look around, f - activate
There is not enough space to conjure foxfire!
Casting: Foxfire (safe; 2% risk of failure)
Press: ? - help, Q - select action, (/) - cycle Dir - look around, f - activate
There is not enough space to conjure foxfire!
The foxfire hits the gnoll but does no damage. x2
Casting: Foxfire (safe; 2% risk of failure)
Press: ? - help, Q - select action, (/) - cycle Dir - look around, f - activate You conjure some foxfire!
The gnoll hits you from afar with a +0 spear.
The gnoll barely misses you.
The foxfire hits the gnoll but does no damage.
The foxfire hits the gnoll!
The gnoll is heavily wounded.
The gnoll hits you from afar with a +0 spear!
The gnoll barely misses you.
You hit the gnoll but do no damage.
The gnoll is heavily wounded.
The gnoll hits you from afar with a +0 spear!
A rat comes into view.
The gnoll hits you with a +1 flail of protection!
You die...

. #≈≈....#..##.#
####≈≈....#.....#
≈≈≈≈≈≈....#....##
≈≈≈≈≈≈....#....#
.......(..#....#
...............#
#..########....#
... #....# ##
##.### . #####.#
.. #...g@# #.
#.###.#
###'###'###g#
#..#.......#. #
#..#.......#.. .#
+..+###'###'..'
.###.#..#.'...+
.r#g
.....#..#.#...#
..#.. .##
#'.#._.# ##' ..
## #..#.#...#
#.v#.††..+


You could see 2 gnolls and a rat (wandering).

Vanquished Creatures
  A hound (D:3)
  3 gnolls (D:3)
  4 adders
  3 dart slugs
  10 orcs (D:3)
  4 bats
  3 endoplasms
  4 giant cockroaches
  2 goblins
  3 hobgoblins
  19 jackals
  A kobold (D:3)
  A quokka (D:2)
  5 ball pythons
  4 frilled lizards
  6 rats
73 creatures vanquished.

Vanquished Creatures (others)
  240 foxfires
  7 plants (D:3)
247 creatures vanquished.

Grand Total: 320 creatures vanquished

Notes
Turn   | Place    | Note
-------+----------+-------------------------------------------
     0 | D:1      | CuBeRJAN3 the Deep Elf Fire Elementalist began the quest
                  | for the Orb.
     0 | D:1      | Reached XP level 1. HP: 10/10 MP: 6/6
   444 | D:1      | Reached XP level 2. HP: 15/15 MP: 6/8
  1230 | D:2      | Reached XP level 3. HP: 11/19 MP: 8/10
  1366 | D:2      | Learned a level 3 spell: Conjure Flame
  1370 | D:2      | Learned a level 3 spell: Inner Flame
  1652 | D:2      | Reached skill level 4 in Spellcasting
  1913 | D:2      | Reached XP level 4. HP: 24/24 MP: 8/12
  1949 | D:2      | Learned a level 4 spell: Sticky Flame
  2245 | D:3      | Found an iron altar of Okawaru.
  2303 | D:3      | Noticed Sigmund
  2650 | D:3      | Reached XP level 5. HP: 28/28 MP: 0/14
  2825 | D:3      | Reached skill level 5 in Spellcasting
  3050 | D:3      | Slain by a gnoll

Illustrated notes

Levels and vault maps discovered:
D:1:      minmay_arrival_diagonal_passages, layout_basic
D:2:      layout_rooms
D:3:      lemuel_castle_with_subvaults [lemuel_castle_interior_original],
          layout_basic, mainiacjoe_overflow_24_doors,
          chequers_ecumenical_altar_simple, minmay_misc_feat_square,
          uniq_sigmund

Skill      XL: |  1  2  3  4  5 |
---------------+----------------+-----
Stealth        | 3 |  3.6
Spellcasting   | 4 5 |  5.0
Dodging        | 3 |  3.4
Conjurations   | 2 |  2.4
Fire Magic     | 4 |  4.2

Action                   |  1- 3 |  4- 6 || total
-------------------------+-------+-------++-------
Melee: Dagger            |     7 |    10 ||    17
 Cast: Foxfire           |    64 |    79 ||   143
       Conjure Flame     |     1 |       ||     1
Armor: Robe              |     6 |     5 ||    11
Dodge: Dodged            |    15 |    23 ||    38
